 Dungeon Crawl Stone Soup version 0.29.1-2-gbd0b4ee654 (webtiles) character file.

Game seed: 14565226200158946308

1063 Sabo the Chopper (level 8, -11/84 (93) HPs)
             Began as a Demonspawn Berserker on Nov 21, 2022.
             Was a Priest of Trog.
             Mangled by a soul eater (17 damage)
             ... summoned by a kobold demonologist
             ... on level 5 of the Dungeon on Nov 22, 2022.
             The game lasted 00:24:00 (6178 turns).

Sabo the Chopper (Demonspawn Berserker)             Turns: 6178, Time: 00:24:01

HP:   -11/84 (93)   AC:  4    Str: 20    XL:     8   Next: 6%
MP:   8/8           EV: 11    Int:  8    God:    Trog [***...]
Gold: 224           SH:  0    Dex: 13    Spells: 7/7 levels left

rFire   . . .      SeeInvis .   l - +0 battleaxe
rCold   . . .      Faith    .   (shield currently unavailable)
rNeg    . . .      Spirit   .   p - +0 chain mail
rPois   .          Reflect  .   (no helmet)
rElec   .          Harm     .   q - +2 cloak
rCorr   .          Rampage  .   (no gloves)
Will    .....                   (no boots)
Stlth   ..........              (no amulet)
HPRegen 2.24/turn               (no ring)
MPRegen 0.11/turn               (no ring)

@: berserking, lethally poisoned (-11 -> -17), corroded, drained, very quick
A: repulsion field 2, powered by death 2, weakness stinger 2
a: Renounce Religion, Berserk, Trog's Hand


You were on level 5 of the Dungeon.
You worshipped Trog.
Trog was most pleased with you.
You visited 1 branch of the dungeon, and saw 5 of its levels.

You collected 279 gold pieces.
You spent 55 gold pieces at shops.

Inventory:

Hand Weapons
 i - a +2 quarterstaff of chaos
 l - a +0 battleaxe (weapon)
 o - a +0 shortbow
Missiles
 n - 3 throwing nets
 s - 4 poisoned darts (quivered)
Armour
 p - a +0 chain mail (worn)
 q - a +2 cloak (worn)
Wands
 r - a wand of roots (9)
Scrolls
 k - a scroll of teleportation {unknown}
 m - a scroll of brand weapon {unknown}
Potions
 b - a potion of flight {unknown}
 c - a potion of heal wounds
 d - 4 potions of curing {unknown}
 e - a potion of magic {unknown}
 f - a potion of berserk rage {unknown}
 h - a potion of brilliance {unknown}
 j - a potion of mutation {unknown}


   Skills:
 + Level 5.2 Fighting
 + Level 6.5 Axes
 + Level 3.9 Armour
 + Level 3.0 Dodging
 + Level 1.7 Stealth


You had 7 spell levels left.
You didn't know any spells.
Your spell library was empty.

Dungeon Overview and Level Annotations

Branches:
Dungeon (5/15)
 Temple: D:4-7

Altars:

Shops:
D:4 !


Innate Abilities, Weirdness & Mutations

You are surrounded by a moderate repulsion field. (EV +3)
You regenerate health from kills.
You have a tail ending in a sharp stinger.


Message History

The kobold brigand is moderately wounded.
You hit the rust devil but do no damage.
You barely miss the kobold demonologist.
You hit the soul eater but do no damage.
The kobold brigand hits you but does no damage.
The kobold demonologist hits you with a +0 dagger.
The soul eater hits you but does no damage.
The rust devil hits you. The rust devil corrodes you!
The kobold demonologist hits you with a +0 dagger.
The kobold brigand hits you with a +0 whip.
A red film seems to cover your vision as you go berserk!
You feel yourself moving faster!
You feel mighty! The crimson imp misses you.
The rust devil completely misses you. The soul eater hits you!!
* * * LOW HITPOINT WARNING * * *
You feel drained.
* * * LOW HITPOINT WARNING * * *
The kobold demonologist hits you with a +0 dagger.
* * * LOW HITPOINT WARNING * * *
The kobold brigand hits you but does no damage.
You barely miss the kobold brigand.
The kobold brigand is moderately wounded.
You barely miss the crimson imp. You barely miss the soul eater.
You barely miss the rust devil. You miss the kobold demonologist.
The crimson imp hits you but does no damage.
The rust devil hits you.
* * * LOW HITPOINT WARNING * * *
The rust devil corrodes you! The orange demon stings you from afar.
* * * LOW HITPOINT WARNING * * *
The soul eater misses you. The kobold brigand closely misses you.
The kobold demonologist barely misses you.
You barely miss the kobold brigand.
The kobold brigand is moderately wounded.
You barely miss the kobold demonologist.
You barely miss the crimson imp. You closely miss the soul eater.
You barely miss the rust devil. The crimson imp barely misses you.
The orange demon stings you from afar.
* * * LOW HITPOINT WARNING * * *
You are lethally poisoned!
The orange demon poisons you! The soul eater hits you!
You die...

.#..........##....####
.####.........##....#
..............#.....#
≈≈≈≈≈≈≈....#..#....##
§≈≈§≈......#..#...##
≈_...§8.####..#####
≈≈≈§§§.§# ..#
≈≈≈≈≈§3§# .# ....o44@#
....K5KK5.....#
.....lKK......#
.........######
......#### ....## ####


You could see a soul eater (summoned), an orange demon (summoned), a rust devil
(summoned), a kobold demonologist, a kobold brigand, an iguana, a crimson imp
(summoned), a shadow imp (summoned) and 3 kobolds.

Vanquished Creatures
  A water moccasin (D:5)
  An ogre (D:4)
  A phantom (D:4)
  A bullfrog (D:4)
  A gnoll sergeant (D:5)
  A scorpion (D:4)
  Crazy Yiuf (D:3)
  3 hounds
  Jessica (D:3)
  3 iguanas
  Ijyb (D:3)
  Terence (D:2)
  Natasha (thrice) (D:2)
  9 gnolls
  9 adders
  A white imp (D:5)
  3 worms
  2 dart slugs
  10 orcs (D:3)
  8 ball pythons
  6 endoplasms
  7 goblins
  8 hobgoblins
  11 kobolds
  3 quokkas
  6 bats
  3 frilled lizards
  5 rats
110 creatures vanquished.

Vanquished Creatures (others)
  2 fungi (D:3)
2 creatures vanquished.

Grand Total: 112 creatures vanquished

Notes
Turn   | Place    | Note
-------+----------+-------------------------------------------
     0 | D:1      | Sabo the Demonspawn Berserker began the quest for the Orb.
     0 | D:1      | Reached XP level 1. HP: 18/18 MP: 1/1
   154 | D:1      | Reached skill level 3 in Axes
   154 | D:1      | Gained mutation: You regenerate a little health from kills.
                  | [demonic ancestry]
   154 | D:1      | Reached XP level 2. HP: 18/24 MP: 2/2
   754 | D:1      | Gained mutation: You regenerate health from kills. [demonic
                  | ancestry]
   754 | D:1      | Reached XP level 3. HP: 23/29 MP: 3/3
  1118 | D:2      | Noticed Natasha
  1126 | D:2      | Killed Natasha
  1133 | D:2      | Gained mutation: You are surrounded by a mild repulsion
                  | field. (EV +2) [demonic ancestry]
  1133 | D:2      | Reached XP level 4. HP: 36/36 MP: 4/4
  1257 | D:2      | Reached ** piety under Trog
  1306 | D:2      | Found a faded altar of an unknown god.
  1416 | D:2      | Noticed Natasha
  1425 | D:2      | Killed Natasha
  1426 | D:2      | Reached skill level 4 in Axes
  1500 | D:2      | Noticed Terence
  1508 | D:2      | Killed Terence
  1509 | D:2      | Gained mutation: You are surrounded by a moderate repulsion
                  | field. (EV +3) [demonic ancestry]
  1509 | D:2      | Reached XP level 5. HP: 42/42 MP: 5/5
  1685 | D:2      | Noticed Natasha
  1691 | D:2      | Killed Natasha
  2173 | D:3      | Noticed Jessica
  2181 | D:3      | Killed Jessica
  2319 | D:3      | Reached skill level 1 in Stealth
  2341 | D:3      | Gained mutation: You have a small tail. [demonic ancestry]
  2341 | D:3      | Reached XP level 6. HP: 48/48 MP: 6/6
  2463 | D:3      | Found a runed translucent door.
  2464 | D:3      | Noticed Crazy Yiuf
  2470 | D:3      | Killed Crazy Yiuf
  2737 | D:3      | Noticed Ijyb
  2742 | D:3      | Killed Ijyb
  3108 | D:3      | Reached *** piety under Trog
  3688 | D:4      | Reached skill level 5 in Axes
  3990 | D:4      | Found Isihu's Distillery.
  4008 | D:4      | Bought a potion of heal wounds for 55 gold pieces
  4025 | D:4      | Reached XP level 7. HP: 40/55 MP: 7/7
  5028 | D:4      | Reached skill level 6 in Axes
  5597 | D:5      | Entered Level 5 of the Dungeon
  5759 | D:5      | Reached skill level 5 in Fighting
  6084 | D:5      | Gained mutation: You have a tail ending in a sharp stinger.
                  | [demonic ancestry]
  6084 | D:5      | Reached XP level 8. HP: 39/62 MP: 8/8
  6166 | D:5      | Noticed a kobold demonologist
  6169 | D:5      | Noticed a soul eater
  6170 | D:5      | Noticed a rust devil
  6172 | D:5      | Noticed an orange demon
  6178 | D:5      | Mangled by a soul eater

Illustrated notes

Levels and vault maps discovered:
D:1:      minmay_arrival_five_plusses, layout_loops_ring
D:2:      layout_basic, ebering_ecumenical_altar_mist, minmay_quadrilaterals,
          uniq_terence, uniq_natasha
D:3:      layout_rooms, minmay_ruptured, uniq_jessica, uniq_crazy_yiuf_cottage,
          uniq_ijyb
D:4:      layout_gridville, serial_shops, nicolae_shop_window_shopping,
          kennysheep_another_room
D:5:      layout_cave_pods, mainiacjoe_overflow_catwalk,
          nicolae_overflow_two_pavilions

Skill      XL: |  1  2  3  4  5  6  7 |
---------------+----------------------+-----
Axes           | 3 4 5 6 |  6.5
Armour         | 2 3 |  3.9
Dodging        | 2 3 |  3.0
Fighting       | 4 5 |  5.2
Stealth        | 1 |  1.7

Action                   |  1- 3 |  4- 6 |  7- 9 || total
-------------------------+-------+-------+-------++-------
Melee: Hand axe          |    89 |    65 |       ||   154
       Punch             |     1 |       |       ||     1
       Battleaxe         |       |   111 |    97 ||   208
       Tailslap          |       |     9 |    15 ||    24
Invok: Berserk           |     2 |     4 |     3 ||     9
  Use: Scroll            |       |     6 |     1 ||     7
 Stab: Sleeping          |     1 |       |       ||     1
Armor: Animal skin       |    17 |     9 |       ||    26
       Scale mail        |       |    29 |       ||    29
       Chain mail        |       |    32 |    69 ||   101
Dodge: Dodged            |    71 |   121 |    89 ||   281
